TOP OF THE 1ST |
Long Island Lighthouse batting - Pitching for Buckhead Bowties : LHP Jong-yong Ha
|
Pitching: LHP Jong-yong Ha
|
|
Batting: RHB Eugene Bennett
|
0-0: Ground out 6-3 (Groundball, 6, EV 82.5 MPH)
|
Batting: RHB Mark Toope
|
0-0: Ball 1-0: Ball 2-0: Ball 3-0: Base on Balls
|
Batting: RHB Jonas van Claveren
|
0-0: Called Strike 0-1: Grounds into double play, 5-4-3 (Groundball, 56S, EV 88.8 MPH)
|
Top of the 1st over - 0 runs, 0 hits, 0 errors, 0 left on base; Long Island 0 - Buckhead 0 |
BOTTOM OF THE 1ST |
Buckhead Bowties batting - Pitching for Long Island Lighthouse : RHP Greg Hodge
|
Pitching: RHP Greg Hodge
|
|
Batting: SHB Silvio Capitanio
|
0-0: Ball 1-0: SINGLE (Groundball, 34S, EV 68.8 MPH) (infield hit)
|
Batting: LHB Marcus Shill
|
0-0: Ball 1-0: Fielders Choice at 2nd, 4-6 (Groundball, 4, EV 101.9 MPH)
|
Batting: LHB Jesús Encarnación
|
0-0: Foul Ball, location: 2F 0-1: Ball 1-1: Swinging Strike 1-2: Ball Marcus Shill steals 2nd base 2-2: Ball 3-2: Strikes out swinging, 2-3 out at first.
|
Batting: RHB Hugh Mungus
|
0-0: DOUBLE (Groundball, 5L, EV 101.2 MPH) Marcus Shill scores
|
Batting: RHB Félix Fernández
|
0-0: Called Strike 0-1: Ball 1-1: Foul Ball, location: 2F 1-2: Ball 2-2: Strikes out swinging
|
Bottom of the 1st over - 1 run, 2 hits, 0 errors, 1 left on base; Long Island 0 - Buckhead 1 |
TOP OF THE 2ND |
Long Island Lighthouse batting - Pitching for Buckhead Bowties : LHP Jong-yong Ha
|
Batting: RHB Oliver Villalva
|
0-0: Foul Ball, location: 2F 0-1: Ball 1-1: Called Strike 1-2: Ground out 4-3 (Groundball, 4, EV 85.0 MPH)
|
Batting: RHB Iiri Haapajarvi
|
0-0: Ground out 4-3 (Groundball, 4D, EV 79.4 MPH)
|
Batting: RHB Carlos Mendoza
|
0-0: Called Strike 0-1: Ball 1-1: Ball 2-1: Ball 3-1: SINGLE (Line Drive, 56, EV 94.4 MPH)
|
Batting: RHB Nigel Sturges
|
0-0: SINGLE (Flyball, 89M, EV 93.8 MPH) Carlos Mendoza to second Runner from 2nd tries for 3rd, SAFE, throw by CF made at trailing runner, OUT! 8-6
|
Top of the 2nd over - 0 runs, 2 hits, 0 errors, 1 left on base; Long Island 0 - Buckhead 1 |
BOTTOM OF THE 2ND |
Buckhead Bowties batting - Pitching for Long Island Lighthouse : RHP Greg Hodge
|
Batting: LHB Charles Godard
|
0-0: Ball 1-0: Called Strike 1-1: Ball 2-1: Ball 3-1: Called Strike 3-2: Base on Balls
|
Batting: LHB Jared Schneider
|
0-0: Called Strike Pickoff Throw to First - Error! E1 Charles Godard to second 0-1: Ball 1-1: Ball 2-1: 2-RUN HOME RUN (Flyball, 9D, EV 104.4 MPH), Distance : 367 ft
|
Batting: RHB Juan Barrón
|
0-0: Foul Ball, location: 2F 0-1: Ground out 5-3 (Groundball, 56S, EV 77.5 MPH)
|
Batting: LHB Spencer Powell
|
0-0: Fly out, F7 (Flyball, 78S, EV 80.6 MPH)
|
Batting: SHB Silvio Capitanio
|
0-0: Called Strike 0-1: Foul Ball, location: 2F 0-2: Strikes out swinging
|
Bottom of the 2nd over - 2 runs, 1 hit, 1 error, 0 left on base; Long Island 0 - Buckhead 3 |
TOP OF THE 3RD |
Long Island Lighthouse batting - Pitching for Buckhead Bowties : LHP Jong-yong Ha
|
Batting: SHB Vicente Romero
|
0-0: Ground out 5-3 (Groundball, 5, EV 105.6 MPH)
|
Batting: LHB Calvin Wilms
|
0-0: Reached on error, E1 (Groundball, 34S, EV 94.4 MPH)
|
Batting: RHB Eugene Bennett
|
0-0: Called Strike 0-1: Foul Ball, location: 2F 0-2: Fly out, F7 (Flyball, 7S, EV 78.1 MPH)
|
Batting: RHB Mark Toope
|
0-0: Ball 1-0: Foul Ball, location: 2F 1-1: Ground out 4-3 (Groundball, 4M, EV 105.0 MPH)
|
Top of the 3rd over - 0 runs, 0 hits, 1 error, 1 left on base; Long Island 0 - Buckhead 3 |
BOTTOM OF THE 3RD |
Buckhead Bowties batting - Pitching for Long Island Lighthouse : RHP Greg Hodge
|
Batting: LHB Marcus Shill
|
0-0: Swinging Strike 0-1: Foul Ball, location: 2F 0-2: Strikes out swinging
|
Batting: LHB Jesús Encarnación
|
0-0: Ball 1-0: SOLO HOME RUN (Flyball, 9LD, EV 96.2 MPH), Distance : 354 ft
|
Batting: RHB Hugh Mungus
|
0-0: Swinging Strike 0-1: SINGLE (Groundball, 6MD, EV 95.6 MPH)
|
Batting: RHB Félix Fernández
|
0-0: Called Strike 0-1: Grounds into double play, 4-6-3 (Groundball, 4, EV 83.1 MPH)
|
Bottom of the 3rd over - 1 run, 2 hits, 0 errors, 0 left on base; Long Island 0 - Buckhead 4 |
TOP OF THE 4TH |
Long Island Lighthouse batting - Pitching for Buckhead Bowties : LHP Jong-yong Ha
|
Batting: RHB Jonas van Claveren
|
0-0: Fly out, F7 (Flyball, 7S, EV 93.1 MPH)
|
Batting: RHB Oliver Villalva
|
0-0: Called Strike 0-1: Ball 1-1: Foul Ball, location: 2F 1-2: Foul Ball, location: 2F 1-2: Strikes out swinging
|
Batting: RHB Iiri Haapajarvi
|
0-0: Ball 1-0: Ball 2-0: Called Strike 2-1: Ball 3-1: Base on Balls
|
Batting: RHB Carlos Mendoza
|
0-0: Foul Ball, location: 2F 0-1: Ball 1-1: Swinging Strike 1-2: Ground out 5-3 (Groundball, 56S, EV 68.1 MPH)
|
Top of the 4th over - 0 runs, 0 hits, 0 errors, 1 left on base; Long Island 0 - Buckhead 4 |
BOTTOM OF THE 4TH |
Buckhead Bowties batting - Pitching for Long Island Lighthouse : RHP Greg Hodge
|
Batting: LHB Charles Godard
|
0-0: Called Strike 0-1: SINGLE (Line Drive, 5D, EV 109.4 MPH)
|
Batting: LHB Jared Schneider
|
0-0: Ball 1-0: Swinging Strike 1-1: Foul Ball, location: 2F 1-2: Foul Ball, location: 2F 1-2: Fly out, F7 (Flyball, 7S, EV 75.0 MPH)
|
Batting: RHB Juan Barrón
|
0-0: Ball 1-0: Ball 2-0: Fielders Choice at 2nd, 5-4 (Groundball, 56, EV 84.4 MPH)
|
Batting: LHB Spencer Powell
|
0-0: Called Strike Juan Barrón is caught stealing 2nd base 2-6
|
Bottom of the 4th over - 0 runs, 1 hit, 0 errors, 0 left on base; Long Island 0 - Buckhead 4 |
TOP OF THE 5TH |
Long Island Lighthouse batting - Pitching for Buckhead Bowties : LHP Jong-yong Ha
|
Batting: RHB Nigel Sturges
|
0-0: Called Strike 0-1: SINGLE (Groundball, 4M, EV 80.6 MPH) (infield hit)
|
Batting: SHB Vicente Romero
|
0-0: Called Strike 0-1: Ball 1-1: Fly out, F7 (Flyball, 78M, EV 95.6 MPH)
|
Batting: LHB Calvin Wilms
|
0-0: Ball 1-0: Swinging Strike 1-1: Ball 2-1: Called Strike 2-2: Foul Ball, location: 2F 2-2: Strikes out swinging
|
Batting: RHB Eugene Bennett
|
0-0: Ball 1-0: Swinging Strike 1-1: Foul Ball, location: 2F 1-2: Foul Ball, location: 2F 1-2: Strikes out looking
|
Top of the 5th over - 0 runs, 1 hit, 0 errors, 1 left on base; Long Island 0 - Buckhead 4 |
BOTTOM OF THE 5TH |
Buckhead Bowties batting - Pitching for Long Island Lighthouse : RHP Greg Hodge
|
Batting: LHB Spencer Powell
|
0-0: Ball 1-0: Ball 2-0: Called Strike 2-1: Ball 3-1: Swinging Strike 3-2: Foul Ball, location: 2F 3-2: Ground out 5-3 (Groundball, 56, EV 76.2 MPH)
|
Batting: SHB Silvio Capitanio
|
0-0: Fly out, F8 (Line Drive, 8RD, EV 99.4 MPH)
|
Batting: LHB Marcus Shill
|
0-0: Ball 1-0: Called Strike 1-1: Foul Ball, location: 2F 1-2: Ground out 4-3 (Groundball, 4, EV 85.6 MPH)
|
Bottom of the 5th over - 0 runs, 0 hits, 0 errors, 0 left on base; Long Island 0 - Buckhead 4 |
TOP OF THE 6TH |
Long Island Lighthouse batting - Pitching for Buckhead Bowties : LHP Jong-yong Ha
|
Batting: RHB Mark Toope
|
0-0: Ball 1-0: Foul Ball, location: 2F 1-1: Ball 2-1: Ball 3-1: Foul Ball, location: 2F 3-2: Ground out 1-3 (Groundball, 13, EV 81.9 MPH)
|
Batting: RHB Jonas van Claveren
|
0-0: Fly out, F8 (Line Drive, 8RD, EV 90.6 MPH)
|
Batting: RHB Oliver Villalva
|
0-0: Called Strike 0-1: Ball 1-1: SOLO HOME RUN (Flyball, 9D, EV 100.6 MPH), Distance : 370 ft
|
Batting: RHB Iiri Haapajarvi
|
0-0: Ball 1-0: Ball 2-0: Foul Ball, location: 2F 2-1: SINGLE (Line Drive, 78M, EV 107.5 MPH)
|
Batting: RHB Carlos Mendoza
|
0-0: Foul Ball, location: 2F 0-1: Foul Ball, location: 2F 0-2: Ball 1-2: Ball 2-2: Fielders Choice at 2nd, 6-4 (Groundball, 6, EV 78.1 MPH)
|
Top of the 6th over - 1 run, 2 hits, 0 errors, 1 left on base; Long Island 1 - Buckhead 4 |
BOTTOM OF THE 6TH |
Buckhead Bowties batting - Pitching for Long Island Lighthouse : RHP Greg Hodge
|
Batting: LHB Jesús Encarnación
|
0-0: Foul Ball, location: 2F 0-1: Called Strike 0-2: Strikes out looking
|
Batting: RHB Hugh Mungus
|
0-0: Ball 1-0: DOUBLE (Flyball, 8RXD, EV 93.1 MPH)
|
Batting: RHB Félix Fernández
|
0-0: Called Strike 0-1: Foul Ball, location: 2F 0-2: Ball 1-2: SINGLE (Line Drive, 3D, EV 109.4 MPH) Hugh Mungus to third Runner from 3rd tries for Home, throw by RF and OUT! 9-2 Félix Fernández to second
|
Batting: LHB Charles Godard
|
0-0: Ball 1-0: Foul Ball, location: 2F 1-1: Fly out, F9 (Flyball, 9S, EV 77.5 MPH)
|
Bottom of the 6th over - 0 runs, 2 hits, 0 errors, 1 left on base; Long Island 1 - Buckhead 4 |
TOP OF THE 7TH |
Long Island Lighthouse batting - Pitching for Buckhead Bowties : LHP Jong-yong Ha
|
Batting: RHB Nigel Sturges
|
0-0: Ball 1-0: Called Strike 1-1: Fly out, F9 (Flyball, 89M, EV 89.4 MPH)
|
Batting: SHB Vicente Romero
|
0-0: Ball 1-0: Ground out 6-3 (Groundball, 6, EV 100.0 MPH)
|
Batting: LHB Calvin Wilms
|
0-0: Ball 1-0: Ground out U3 (Groundball, 3L, EV 86.2 MPH)
|
Top of the 7th over - 0 runs, 0 hits, 0 errors, 0 left on base; Long Island 1 - Buckhead 4 |
BOTTOM OF THE 7TH |
Buckhead Bowties batting - Pitching for Long Island Lighthouse : RHP Greg Hodge
|
Batting: LHB Jared Schneider
|
0-0: Called Strike 0-1: Ball 1-1: DOUBLE (Line Drive, 7LS, EV 104.4 MPH)
|
Batting: RHB Juan Barrón
|
0-0: Ground out 6-3 (Groundball, 6, EV 105.6 MPH)
|
Batting: LHB Spencer Powell
|
0-0: Ball 1-0: Fly out, F8 (Flyball, 8RM, EV 96.9 MPH)
|
Batting: SHB Silvio Capitanio
|
0-0: Ground out 5-3 (Groundball, 5, EV 101.2 MPH)
|
Bottom of the 7th over - 0 runs, 1 hit, 0 errors, 1 left on base; Long Island 1 - Buckhead 4 |
TOP OF THE 8TH |
Long Island Lighthouse batting - Pitching for Buckhead Bowties : LHP Jong-yong Ha
|
Batting: RHB Eugene Bennett
|
0-0: Ball 1-0: Foul Ball, location: 2F 1-1: Ball 2-1: Ball 3-1: SINGLE (Line Drive, 89S, EV 90.6 MPH)
|
Pitching: RHP Anthony Hurst
|
|
Batting: RHB Mark Toope
|
0-0: Ball 1-0: Ball 2-0: Called Strike 2-1: Fly out, F8 (Flyball, 8LM, EV 92.5 MPH)
|
Batting: RHB Jonas van Claveren
|
0-0: SINGLE (Groundball, 6D, EV 107.5 MPH) Eugene Bennett to second
|
Batting: RHB Oliver Villalva
|
0-0: Ball 1-0: Fly out, F9 (Flyball, 9LD, EV 91.2 MPH) Runner from 2nd tags up, SAFE at 3rd, no throw by RF
|
Batting: RHB Iiri Haapajarvi
|
0-0: Ball 1-0: Swinging Strike 1-1: Swinging Strike 1-2: Ball 2-2: Strikes out looking
|
Top of the 8th over - 0 runs, 2 hits, 0 errors, 2 left on base; Long Island 1 - Buckhead 4 |
BOTTOM OF THE 8TH |
Buckhead Bowties batting - Pitching for Long Island Lighthouse : RHP Greg Hodge
|
Batting: LHB Marcus Shill
|
0-0: Called Strike 0-1: Ball 1-1: Single, Error in OF, E9, batter to second base (Line Drive, 3D, EV 94.4 MPH)
|
Batting: LHB Jesús Encarnación
|
0-0: Intentional Walk
|
Batting: RHB Hugh Mungus
|
0-0: 3-RUN HOME RUN (Flyball, 9D, EV 95.0 MPH), Distance : 360 ft
|
Pitching: RHP Juan Contreras
|
|
Batting: RHB Félix Fernández
|
0-0: Foul Ball, location: 2F 0-1: Ground out 4-3 (Groundball, 4, EV 93.8 MPH)
|
Batting: LHB Charles Godard
|
0-0: Ball 1-0: Called Strike 1-1: Ball 2-1: Foul Ball, location: 2F 2-2: Foul Ball, location: 2F 2-2: Ball 3-2: SINGLE (Flyball, 9S, EV 91.2 MPH)
|
Batting: LHB Jared Schneider
|
0-0: Ball 1-0: Called Strike 1-1: Swinging Strike 1-2: Strikes out swinging
|
Batting: RHB Juan Barrón
|
0-0: Called Strike 0-1: Ball 1-1: Foul Ball, location: 2F 1-2: Fly out, F7 (Flyball, 78M, EV 87.5 MPH)
|
Bottom of the 8th over - 3 runs, 3 hits, 1 error, 1 left on base; Long Island 1 - Buckhead 7 |
TOP OF THE 9TH |
Long Island Lighthouse batting - Pitching for Buckhead Bowties : RHP Anthony Hurst
|
Batting: RHB Carlos Mendoza
|
0-0: Swinging Strike 0-1: Foul Ball, location: 2F 0-2: Ball 1-2: Ground out 5-3 (Groundball, 56S, EV 71.2 MPH)
|
Batting: RHB Nigel Sturges
|
0-0: Ball 1-0: Swinging Strike 1-1: Ground out 6-3 (Groundball, 6, EV 86.9 MPH)
|
Batting: SHB Vicente Romero
|
0-0: Ball 1-0: Ball 2-0: Ball 3-0: Called Strike 3-1: Foul Ball, location: 2F 3-2: TRIPLE (Line Drive, 78XD, EV 104.4 MPH)
|
Batting: LHB Calvin Wilms
|
0-0: Fly out, F4 (Line Drive, 4, EV 71.9 MPH)
|
Top of the 9th over - 0 runs, 1 hit, 0 errors, 1 left on base; Long Island 1 - Buckhead 7 |
|